 Dungeon Sprint DCSS version 0.22-a0-136-g83a10e5 (webtiles) character file.

1794 schets the Impaler (level 9, -3/73 HPs)
             Began as a Merfolk Gladiator on Feb 3, 2018.
             Was a Follower of Hepliaklqana.
             Splashed by Maurice's acid (15 damage)
             ... in the Dungeon (Sprint IX: "|||||||||||||||||||||||||||||").
             The game lasted 00:02:50 (675 turns).

schets the Impaler (Merfolk Gladiator)               Turns: 675, Time: 00:02:51

Health: -3/73      AC:  8    Str: 21    XL:     9   Next: 9%
Magic:  16/16      EV: 13    Int:  7    God:    Hepliaklqana [*.....]
Gold:   0          SH:  0    Dex: 15    Spells: 8/8 levels left

rFire    . . .     SeeInvis .   p - +2 halberd (protect)
rCold    . . .     Gourm    .   (shield currently unavailable)
rNeg     . . .     Faith    .   s - +0 plate armour
rPois    .         Spirit   .   u - +0 helmet
rElec    .         Reflect  .   (no cloak)
rCorr    .         Harm     .   t - +0 pair of gloves
MR       .....     NoTele   +   (no boots)
Stlth    ..........             (no amulet)
HPRegen  0.22/turn              q - +3 ring of strength
MPRegen  0.15/turn              r - +2 ring of evasion

@: corroded, hasted, very quick
A: change form in water, swift swim, stealthy swim, reduced essence
a: Recall Ancestor, Ancestor Identity, Renounce Religion


You were in the Dungeon.
You worshipped Hepliaklqana.
Hepliaklqana was aware of your devotion.
You were not hungry.

You visited 1 branch

Inventory:

Hand Weapons
 a - a +0 trident
 p - a +2 halberd of protection (weapon)
Missiles
 d - 2 throwing nets (quivered)
Armour
 b - a +0 leather armour
 c - a +0 helmet
 s - a +0 plate armour (worn)
 t - a +0 pair of gloves (worn)
 u - a +0 helmet (worn)
Jewellery
 q - a +3 ring of strength (left hand)
 r - a +2 ring of evasion (right hand)
Wands
 o - a wand of iceblast (9)
Scrolls
 k - 2 scrolls of blinking
 m - 3 scrolls of remove curse
 n - 2 scrolls of amnesia
Potions
 e - 5 potions of curing
 g - 3 potions of heal wounds
 i - 4 potions of magic
 j - a potion of invisibility
Comestibles
 f - a ration
 l - 7 chunks of flesh


   Skills:
 * Level 11.8 Fighting
 * Level 15.1 Polearms
 - Level 3.9 Throwing
 + Level 10.9 Dodging
 * Level 10.3 Invocations


You had 8 spell levels left.
You didn't know any spells.

Dungeon Overview and Level Annotations

Branches:
Dungeon (1/1)

Altars:
Cheibriados
Dithmenos
Elyvilon
Fedhas
Gozag
Hepliaklqana
Kikubaaqudgha
Makhleb
Nemelex Xobeh
Okawaru
Qazlal
Ru
Sif Muna
Trog
Uskayaw
Vehumet
Wu Jian
Xom
Yredelemnul
Zin
The Shining One
Beogh
Jiyva
Lugonu

Annotations:
D Maurice


Message History

Mim is destroyed!
You hear a shout!
You hear a zap.
A bolt of acid appears from out of thin air!
The bolt of acid hits you! The acid corrodes you!
You are splashed with acid!
The acid burns!
You hear a zap.
A bolt of acid appears from out of thin air!
The bolt of acid misses you.
You feel yourself speed up.
You hear a zap.
A bolt of acid appears from out of thin air!
The bolt of acid hits you!
You are splashed with acid!
The acid burns!
* * * LOW HITPOINT WARNING * * *
You hear a zap.
A bolt of acid appears from out of thin air!
The bolt of acid hits you!
* * * LOW HITPOINT WARNING * * *
You are splashed with acid!
The acid burns!
You die...

▓)▓.▓
▓|▓.▓
▓.▓.▓
▓.▓.▓
▓'▓.▓
▓_▓.▓
▓_▓.▓
▓_▓.▓
▓_▓@▓
▓_▓.▓
▓_▓.▓
▓_▓.▓
▓_▓.▓
▓_▓.▓
▓_▓.▓
▓_▓.▓
▓_▓.▓


There were no monsters in sight!

Vanquished Creatures
  A two-headed ogre (D)
  A deep elf mage (D)
  A yak (D)
  A wyvern (D)
  A necrophage (D)
  A phantom (D)
  A crimson imp (D)
  A hound (D)
  2 iguanas (D)
  A worker ant (D)
  An adder (D)
  3 orcs (D)
  A goblin (D)
  2 ball pythons (D)
  2 bats (D)
  A giant cockroach zombie (D)
21 creatures vanquished.

Vanquished Creatures (collateral kills)
  A hungry ghost (D)
1 creature vanquished.

Vanquished Creatures (others)
  2 ancestors (D)
2 creatures vanquished.

Grand Total: 24 creatures vanquished

Notes
Turn   | Place    | Note
-------+----------+-------------------------------------------
     0 | D        | schets the Merfolk Gladiator began the quest for the Orb.
     0 | D        | Reached XP level 1. HP: 16/16 MP: 1/1
    10 | D        | Reached skill level 5 in Polearms
    82 | D        | Noticed an iguana
    82 | D        | Noticed a worker ant
    82 | D        | Noticed a crimson imp
    98 | D        | Reached skill level 6 in Polearms
    98 | D        | Reached skill level 5 in Dodging
    98 | D        | Reached XP level 2. HP: 18/24 MP: 2/2
   103 | D        | Reached skill level 7 in Polearms
   103 | D        | Reached XP level 3. HP: 30/30 MP: 3/3
   105 | D        | Reached XP level 4. HP: 33/38 MP: 4/4
   108 | D        | Reached skill level 5 in Fighting
   108 | D        | Reached skill level 8 in Polearms
   222 | D        | Found a roughly hewn altar of Beogh.
   222 | D        | Found a snail-covered altar of Cheibriados.
   222 | D        | Found a shadowy altar of Dithmenos.
   222 | D        | Found a white marble altar of Elyvilon.
   222 | D        | Found a blossoming altar of Fedhas.
   222 | D        | Found an opulent altar of Gozag.
   223 | D        | Found a hazy altar of Hepliaklqana.
   224 | D        | Found a viscous altar of Jiyva.
   225 | D        | Found an ancient bone altar of Kikubaaqudgha.
   226 | D        | Found a corrupted altar of Lugonu.
   227 | D        | Found a burning altar of Makhleb.
   228 | D        | Found a sparkling altar of Nemelex Xobeh.
   229 | D        | Found an iron altar of Okawaru.
   230 | D        | Found a stormy altar of Qazlal.
   231 | D        | Became a worshipper of Hepliaklqana the Forgotten
   232 | D        | Found a sacrificial altar of Ru.
   233 | D        | Found a deep blue altar of Sif Muna.
   234 | D        | Found a bloodstained altar of Trog.
   235 | D        | Found a hide-covered altar of Uskayaw.
   236 | D        | Found a radiant altar of Vehumet.
   237 | D        | Found an ornate altar of the Wu Jian Council.
   238 | D        | Found a shimmering altar of Xom.
   239 | D        | Found a basalt altar of Yredelemnul.
   240 | D        | Found a glowing silver altar of Zin.
   241 | D        | Found a glowing golden altar of the Shining One.
   307 | D        | Noticed a yak
   307 | D        | Noticed a phantom
   307 | D        | Noticed a necrophage
   314 | D        | Killed a necrophage
   314 | D        | Reached skill level 10 in Polearms
   314 | D        | Reached XP level 5. HP: 43/43 MP: 4/7
   325 | D        | Killed a yak
   325 | D        | Reached skill level 11 in Polearms
   325 | D        | Reached XP level 6. HP: 40/51 MP: 5/10
   352 | D        | Killed a phantom
   352 | D        | Reached XP level 7. HP: 46/56 MP: 8/11
   419 | D        | Noticed a two-headed ogre
   419 | D        | Noticed a wyvern
   419 | D        | Noticed a hungry ghost
   419 | D        | Noticed a deep elf mage
   436 | D        | Noticed a redback
   437 | D        | Killed a deep elf mage
   437 | D        | Reached skill level 10 in Fighting
   437 | D        | Reached skill level 13 in Polearms
   437 | D        | Reached XP level 8. HP: 65/65 MP: 11/14
   452 | D        | Killed a wyvern
   452 | D        | Reached skill level 10 in Dodging
   458 | D        | Killed a two-headed ogre
   458 | D        | Reached skill level 15 in Polearms
   458 | D        | Reached skill level 10 in Invocations
   458 | D        | Reached XP level 9. HP: 47/73 MP: 13/16
   594 | D        | Reached * piety under Hepliaklqana
   641 | D        | Noticed Maurice
   675 | D        | Splashed by Maurice's acid

Vault maps used:
D:        linesprint

Skill      XL: |  1  2  3  4  5  6  7  8 |
---------------+-------------------------+-----
Polearms       | 6 7 10 11 13 15 | 15.1
Fighting       | 3 4 7 8 10 11 | 11.8
Dodging        | 5 6 7 8 9 10 | 10.9
Throwing       | 3 |  3.9
Invocations    | 3 6 8 10 | 10.3

Action                   |  1- 3 |  4- 6 |  7- 9 || total
-------------------------+-------+-------+-------++-------
Melee: Trident           |    30 |     2 |       ||    32
       Halberd           |       |    32 |    29 ||    61
Throw: Throwing net      |       |       |     1 ||     1
Invok: Ancestor Identity |       |       |     1 ||     1
Evoke: Wand              |       |       |     1 ||     1
  Use: Potion            |     1 |       |     1 ||     2
 Stab: Distracted        |       |       |     1 ||     1
Armor: Leather armour    |     7 |       |       ||     7
       Plate armour      |       |    17 |     2 ||    19
Dodge: Dodged            |    23 |    12 |    10 ||    45

Table legend:
 A = Spawn XP
 B = Non-spawn XP
 C = Spawn XP percentage of total XP
 D = Spawn monster count
 E = Non-spawn monster count
 F = Spawn count percentage of total count
 G = Total turns spent on level
                    A         B        C        D         E        F      G
               +---------+---------+-------+---------+---------+-------+---------
         Total |       0 |    2563 |   0.0 |       0 |      22 |   0.0 |   675
               +---------+---------+-------+---------+---------+-------+---------
             D |       0 |    2563 |   0.0 |       0 |      22 |   0.0 |   675
               +---------+---------+-------+---------+---------+-------+---------
